 Dungeon Crawl Stone Soup version 0.20-a0-2-g2b0e13a (console) character file.

205765 brucemayne the Executioner (level 17, -8/126 HPs)
             Began as a Demonspawn Berserker on Oct 27, 2016.
             Was a High Priest of Trog.
             Mangled by a vault guard
             ... wielding a +2 war axe
             ... led by a vault warden
              (24 damage)
             ... on level 5 of the Vaults on Oct 28, 2016.
             The game lasted 01:46:32 (14136 turns).

brucemayne the Executioner (Demonspawn Berserker)  Turns: 14136, Time: 01:46:33

Health: -8/126     AC: 27    Str: 25    XL:     17   Next: 55%
Magic:  0/30       EV: 12    Int:  8    God:    Trog [*****.]
Gold:   1660       SH:  0    Dex: 18    Spells: 0 memorised, 16 levels left

rFire  . . .     SeeInvis +     D - +4 executioner's axe (venom)
rCold  + . .     Gourm    .     s - +1 plate armour of Yclynuun {+Blink rPois Stlth+} (curse)
rNeg   . . .     Faith    .     (shield currently unavailable)
rPois  +         Spirit   +     (helmet unavailable)
rElec  .         Reflect  .     z - +2 cloak
rCorr  +         Harm     .     u - +2 pair of gloves
MR     +....     Clarity  +     d - +0 pair of boots
Stlth  ..........               e - amulet of regeneration
                                t - ring of magical power
                                r - ring of protection from cold

@: agile, very slightly contaminated, constricted
A: antennae 3, yellow scales 3, clarity, powered by death 2, magic shield, magic
regeneration
a: Berserk, Trog's Hand, Brothers in Arms, Burn Spellbooks, Renounce Religion,
Evoke Blink
}: 2/15 runes: decaying, gossamer


You were on level 5 of the Vaults.
You worshipped Trog.
Trog was extremely pleased with you.
You were hungry.

You visited 7 branches of the dungeon, and saw 37 of its levels.
You visited 1 bazaar.
You also visited: Bailey and Ice Cave.

You collected 1993 gold pieces.
You spent 333 gold pieces at shops.

Inventory:

Hand Weapons
 D - a +4 executioner's axe of venom (weapon)
 O - the +10 battleaxe of the Spheres {chop, rPois Dex-4 SInv}
   (Trog gifted it to you on level 3 of the Vaults)

   It inflicts extra damage upon your enemies.
   It affects your dexterity (-4).
   It protects you from poison.
   It lets you see invisible.
 W - the +9 war axe "Huclusso" {chop, rPois}
   (You found it on level 6 of the Lair of Beasts)

   It inflicts extra damage upon your enemies.
   It protects you from poison.
Missiles
 f - 12 javelins (quivered)
Armour
 d - a +0 pair of boots (worn)
 s - the cursed +1 plate armour of Yclynuun (worn) {+Blink rPois Stlth+}
   (You found it on level 2 of the Swamp)

   It protects you from poison.
   It lets you blink.
   It makes you more stealthy.
   It has a curse placed upon it.
 u - a +2 pair of gloves (worn)
 z - a +2 cloak (worn)
Jewellery
 e - an amulet of regeneration (around neck)
 r - a ring of protection from cold (left hand)
 t - a ring of magical power (right hand)
Wands
 b - a wand of disintegration (14/24)
 g - a wand of teleportation (2/9)
 q - a wand of digging (4/24)
 y - a wand of disintegration (2/24)
 L - a wand of teleportation (1/9)
 N - a wand of lightning (6/15)
 U - a wand of iceblast (8/15)
Scrolls
 l - 5 scrolls of enchant armour
 v - a scroll of fear
 B - 5 scrolls of recharging
 E - 4 scrolls of fog
 H - 4 scrolls of remove curse
 J - 3 scrolls of teleportation
Potions
 m - 3 potions of agility
 w - 3 potions of might
 x - 2 potions of resistance
 C - 6 potions of curing
 G - 2 potions of magic {unknown}
 P - 3 potions of ambrosia {unknown}
 Q - 2 potions of invisibility
 Z - 3 potions of heal wounds {unknown}
Books
 V - a book of Conjurations

   Spells                             Type                      Level
   a - Magic Dart                     Conjuration                  1
   b - Searing Ray                    Conjuration                  2
   c - Dazzling Spray                 Conjuration/Hexes            3
   d - Fulminant Prism                Conjuration/Hexes            4
   e - Iskenderun's Mystic Blast      Conjuration                  4
   f - Iskenderun's Battlesphere      Conjuration/Charms           5
   Trog disapproves of the use of such an item.
Comestibles
 c - 8 bread rations
 i - 2 beef jerkies
 K - a slice of pizza
 S - a fruit


   Skills:
 - Level 9.2 Fighting
 + Level 23.5 Axes
 - Level 9.8 Armour
 - Level 5.0 Dodging
 - Level 6.0 Evocations


You had 16 spell levels left.
You didn't know any spells.

Dungeon Overview and Level Annotations

Branches:
Dungeon (15/15)            Temple (1/1) D:5            Lair (6/6) D:10
  Swamp (4/4) Lair:3       Spider (4/4) Lair:2        Slime (0/5) Lair:6
    Orc (2/2) D:10            Elf (0/3) Orc:2        Vaults (5/5) D:14
  Crypt: Vaults:2-3  Depths: D:15

Altars:
Ashenzari
Cheibriados
Dithmenos
Fedhas
Gozag
Kikubaaqudgha
Makhleb
Nemelex Xobeh
Okawaru
Qazlal
Ru
Sif Muna
Trog
Uskayaw
Vehumet
Xom
Yredelemnul
Zin
The Shining One
Beogh

Shops:
D:4 *   D:7 (   Orc:1 }   Orc:2 ?}%??   Vaults:3 %

Annotations:
D:5 exclusion: downstairs
D:6 Edmund, Pikel
D:7 exclusion: upstairs
D:8 Erica, Psyche
D:9 exclusion: upstairs
D:11 exclusion: downstairs
Lair:1 exclusion: downstairs
Lair:3 Rupert
Spider:1 Nikola
Vaults:3 Frederick


Innate Abilities, Weirdness & Mutations

You have a pair of large antennae on your head. (SInv)
You are completely covered in yellow scales. (AC +4, rCorr)
You regenerate health from kills.
When hurt, damage is shared between your health and your magic reserves.
You regenerate magic rapidly.
You possess an exceptional clarity of mind.


Message History

You cut the tentacled monstrosity into ribbons!!!
The tentacled monstrosity looks as sick as possible!
The tentacled monstrosity is almost dead.
You closely miss the vault guard. You slice the ironbrand convoker!!
The water nymph changes into a snapping turtle!
The vault guard hits you with an enchanted war axe!
* * * LOW HITPOINT WARNING * * *
The ironbrand convoker hits you with a great mace.
* * * LOW HITPOINT WARNING * * *
The tentacled monstrosity tentacle-slaps you.
* * * LOW HITPOINT WARNING * * *
The tentacled monstrosity tentacle-slaps you but does no damage. x2
* * * LOW HITPOINT WARNING * * *
The tentacled monstrosity constricts you.
Unknown command.
You hit the tentacled monstrosity.
The tentacled monstrosity is almost dead.
You barely miss the ironbrand convoker. You slash the vault guard!
The vault guard hits you with an enchanted war axe!!
You die...

#.....
#....#############
#.................
#.............).).
#.....))))).......
#......)p{p.).....
#c...#############
#pXt........
#@p#........
#))#..###..#
#))#..# .. #).#..#
#..#... #..#....
#..#..#. #..# #..#


You could see a tentacled monstrosity, a vault guard, a snapping turtle shaped
shifter, an ironbrand convoker and a yaktaur.

Vanquished Creatures
  Jorgrun (Spider:4)
  A sphinx (Vaults:1)
  2 thorn hunters (Swamp:4)
  The ghost of varam the Brawler, an adept TrMo of Okawaru (Swamp:4)
  2 ghost moths (Spider:4)
  4 vault wardens
  5 emperor scorpions (Spider:4)
  A ghoul (Vaults:2)
  6 ironheart preservers
  A stone giant (Vaults:4)
  A deep elf demonologist (Vaults:2)
  The ghost of namnharef the Severer, a journeyman HOFi of Xom (Orc:2)
  2 dire elephants (Lair:6)
  Snorg (Orc:2)
  The ghost of brucemayne the Severer, a journeyman DsBe of Trog (Orc:1)
  The ghost of mrath the Thaumaturge, a journeyman GrEE of Vehumet (Lair:4)
  4 yaktaur captains
  Fannar (Lair:2)
  A great orb of eyes (Vaults:1)
  13 hydras
  29 vault guards
  4 ogre magi
  2 death knights
  A ghost crab (Swamp:4)
  2 centaur warriors
  An anaconda (Lair:6)
  2 dancing weapons (D:14)
  5 death yaks (Lair:5)
  6 alligators
  An orc high priest (Orc:2)
  Urug (Lair:3)
  Nergalle (Lair:2)
  A deep elf knight (Vaults:1)
  2 skeletal warriors (Vaults:1)
  A spriggan druid (Swamp:4)
  A fire crab (shapeshifter) (Vaults:4)
  The ghost of brucemayne the Cleaver, a novice DsBe of Trog (D:10)
  6 deep trolls
  A flayed ghost (Vaults:1)
  4 swamp dragons
  A shambling mangrove (Swamp:1)
  A necromancer (Vaults:1)
  4 orc knights
  3 harpies (Vaults:2)
  A phantasmal warrior (Vaults:1)
  3 deep elf archers
  5 ironbrand convokers
  6 hill giants
  6 orb spiders
  12 ugly things
  16 wolf spiders
  4 deep elf magi
  5 cyclopes
  3 orc sorcerers
  4 elephants (Lair:6)
  2 vault sentinels (Vaults:1)
  3 black mambas
  2 ice statues (IceCv)
  A centaur skeleton (D:10)
  5 spiny frogs
  2 yaktaurs (shapeshifter)
  4 rime drakes
  9 yaktaurs
  2 freezing wraiths (Vaults:1)
  7 demonic crawlers
  A polar bear (Lair:3)
  10 trolls
  9 two-headed ogres
  10 blink frogs
  2 tyrant leeches
  5 bog bodies
  10 hornets
  12 jumping spiders
  8 slime creatures
  6 hippogriffs
  4 dream sheep (Lair:6)
  19 redbacks
  A redback (shapeshifter) (Vaults:3)
  A vampire (D:13)
  27 yaks
  12 tarantellas
  A shadow (Swamp:1)
  3 wyverns
  3 wraiths (Vaults:1)
  A human (shapeshifter) (Vaults:1)
  A basilisk (Lair:4)
  A hungry ghost (D:10)
  A warg (D:10)
  13 vampire mosquitoes
  7 swamp worms
  A soldier ant (shapeshifter) (Vaults:1)
  6 water moccasins
  A slave (D:7)
  23 orc warriors
  4 porcupines
  9 swamp drakes (Swamp:4)
  2 black bears
  7 ice beasts
  2 phantoms
  A sky beast (D:8)
  26 ogres
  An ogre (shapeshifter) (Vaults:1)
  15 centaurs
  10 crocodiles
  5 wolves (Lair:5)
  2 big kobolds
  6 bullfrogs
  A scorpion (D:11)
  7 killer bees (D:8)
  4 wights (D:11)
  An electric eel (Spider:3)
  2 howler monkeys (D:6)
  2 bullfrog zombies
  4 crimson imps
  A jelly (D:6)
  A gnoll shaman (D:7)
  14 orc priests
  2 centaur zombies
  3 hounds
  18 orc wizards
  2 iguanas
  2 hell rats (Lair:5)
  7 worker ants
  2 hound zombies
  A hound skeleton (D:7)
  A howler monkey zombie (D:11)
  4 worker ant zombies
  8 adders
  7 gnolls
  5 river rats (Lair:5)
  3 shadow imps
  2 adder skeletons
  A worm (D:2)
  3 leopard geckos
  76 orcs
  A ball python (D:2)
  2 giant cockroaches (D:4)
  2 jackals (D:5)
  12 kobolds
  3 quokkas
  A ball python zombie (D:5)
  3 frilled lizards
  2 goblins (D:3)
  3 rats
  5 plants
740 creatures vanquished.

Vanquished Creatures (collateral kills)
  Arachne (Spider:2)
  An emperor scorpion (Spider:4)
  2 dire elephants (Lair:6)
  A hydra (Swamp:4)
  A shambling mangrove (Swamp:4)
  A swamp dragon (Swamp:4)
  An ugly thing (IceCv)
  A wolf spider (Spider:4)
  A bog body (Swamp:4)
  An ogre (Orc:2)
  An orc wizard (Orc:2)
  2 orcs (Orc:2)
14 creatures vanquished.

Vanquished Creatures (others)
  A jelly (D:12)
  2 fungi
  A plant (Lair:6)
4 creatures vanquished.

Grand Total: 758 creatures vanquished

Notes
Turn   | Place    | Note
-------+----------+-------------------------------------------
     0 | D:1      | brucemayne the Demonspawn Berserker began the quest for the Orb.
     0 | D:1      | Reached XP level 1. HP: 18/18 MP: 1/1
    90 | D:2      | Reached skill level 3 in Axes
    90 | D:2      | Gained mutation: You regenerate a little health from kills. [demonic ancestry]
    90 | D:2      | Reached XP level 2. HP: 24/24 MP: 2/2
   284 | D:3      | Reached skill level 4 in Axes
   284 | D:3      | Gained mutation: You have a pair of small antennae on your head. [demonic ancestry]
   284 | D:3      | Reached XP level 3. HP: 29/29 MP: 3/3
   346 | D:5      | Entered Level 5 of the Dungeon
   473 | D:5      | Gained mutation: You regenerate health from kills. [demonic ancestry]
   473 | D:5      | Reached XP level 4. HP: 28/35 MP: 4/4
   488 | D:5      | Found a staircase to the Ecumenical Temple.
   501 | Temple   | Entered the Ecumenical Temple
   550 | D:6      | Noticed Edmund
   645 | D:5      | Reached skill level 5 in Axes
   662 | D:5      | Reached ** piety under Trog
   721 | D:6      | Reached XP level 5. HP: 27/41 MP: 5/5
   756 | D:6      | Reached skill level 6 in Axes
   853 | D:6      | Gained mutation: When hurt, damage is shared between your health and your magic reserves. [demonic ancestry]
   853 | D:6      | Reached XP level 6. HP: 13/47 MP: 6/6
   889 | D:6      | Noticed a slave
   889 | D:6      | Noticed a slave
   890 | D:6      | Noticed a slave
   890 | D:6      | Noticed a slave
   891 | D:6      | Noticed Pikel
   897 | D:6      | Noticed a two-headed ogre
   946 | D:7      | Killed a slave
   997 | D:7      | Noticed a troll
  1008 | D:7      | Noticed an orc warrior
  1008 | D:7      | Killed a troll
  1008 | D:7      | Reached skill level 7 in Axes
  1008 | D:7      | Reached XP level 7. HP: 52/52 MP: 5/7
  1142 | D:7      | Reached skill level 8 in Axes
  1777 | D:4      | Found Ynisokot's General Store.
  1835 | D:4      | Found an opulent altar of Gozag.
  2031 | D:7      | Reached skill level 9 in Axes
  2031 | D:7      | Gained mutation: You are partially covered in yellow scales. (AC +2) [demonic ancestry]
  2031 | D:7      | Reached XP level 8. HP: 49/58 MP: 8/8
  2055 | D:7      | Found Tommutoim's Weapon Emporium.
  2196 | D:8      | Noticed a hippogriff
  2205 | D:8      | Killed a hippogriff
  2207 | D:8      | Reached skill level 10 in Axes
  2308 | D:8      | Gained mutation: You possess an exceptional clarity of mind. [mutagenic meat]
  2453 | D:8      | Gained mutation: You have a pair of antennae on your head. [demonic ancestry]
  2453 | D:8      | Reached XP level 9. HP: 64/64 MP: 9/9
  2455 | D:8      | Noticed a queen bee
  2485 | D:8      | Reached *** piety under Trog
  2493 | D:8      | Noticed Psyche
  2503 | D:8      | Noticed Erica
  2575 | D:9      | Reached skill level 11 in Axes
  2853 | D:10     | Entered Level 10 of the Dungeon
  3045 | D:10     | Reached skill level 5 in Fighting
  3161 | D:10     | Reached skill level 12 in Axes
  3170 | D:10     | Reached XP level 10. HP: 74/74 MP: 10/10
  3195 | D:10     | Found a staircase to the Lair.
  3208 | D:10     | Noticed brucemayne's ghost (novice DsBe)
  3237 | D:10     | Killed brucemayne's ghost
  3281 | D:10     | Reached skill level 13 in Axes
  3384 | D:10     | Found a flagged portal.
  3398 | Bailey   | Entered a bailey
  3398 | Bailey   | Noticed an orc knight
  3410 | Bailey   | Noticed an orc knight
  3493 | D:10     | Found a staircase to the Orcish Mines.
  3531 | Orc:1    | Entered Level 1 of the Orcish Mines
  3542 | Orc:1    | Noticed brucemayne's ghost (journeyman DsBe)
  3762 | D:11     | Noticed a cyan ugly thing
  3791 | D:11     | Killed a cyan ugly thing
  3870 | D:11     | Reached **** piety under Trog
  4070 | D:12     | Reached skill level 14 in Axes
  4162 | D:11     | Noticed a hill giant
  4294 | D:12     | Found a flickering gateway to a bazaar.
  4308 | Bazaar   | Entered a bazaar
  4312 | Bazaar   | Found Waizxaa's Food Boutique.
  4331 | Bazaar   | Found Guifal's Antique Armour Emporium.
  4348 | Bazaar   | Found Odoleph's General Store.
  4365 | Bazaar   | Found Puopazaxt's General Store.
  4395 | Bazaar   | Bought a +0 pair of boots for 63 gold pieces
  4476 | D:12     | Noticed a red ugly thing
  4503 | D:12     | Killed a red ugly thing
  4503 | D:12     | Gained mutation: You are mostly covered in yellow scales. (AC +3) [demonic ancestry]
  4503 | D:12     | Reached XP level 11. HP: 71/80 MP: 8/11
  4634 | D:12     | Noticed a hill giant
  4651 | D:12     | Killed a hill giant
  4843 | Orc:1    | Killed brucemayne's ghost
  4843 | Orc:1    | Reached skill level 15 in Axes
  4890 | Orc:2    | Entered Level 2 of the Orcish Mines
  4997 | Orc:2    | Found a staircase to the Elven Halls.
  5016 | Orc:2    | Found Mubeydi's Magic Scroll Shoppe.
  5020 | Orc:2    | Noticed an orc sorcerer
  5027 | Orc:2    | Killed an orc sorcerer
  5042 | Orc:1    | Found Ifyacuz's Gadget Boutique.
  5177 | Orc:1    | Noticed an orc sorcerer
  5191 | Orc:1    | Killed an orc sorcerer
  5225 | Orc:1    | Noticed an orc knight
  5243 | Orc:1    | Killed an orc knight
  5376 | Orc:2    | Found Vedoovumm's Gadget Shop.
  5377 | Orc:2    | Noticed an ogre mage
  5378 | Orc:2    | Noticed a deep troll
  5440 | Orc:2    | Killed an ogre mage
  5440 | Orc:2    | Reached skill level 5 in Armour
  5482 | Orc:2    | Noticed namnharef's ghost (journeyman HOFi)
  5514 | Orc:2    | Noticed Snorg
  5571 | Orc:2    | Killed Snorg
  5664 | Orc:2    | Reached XP level 12. HP: 85/91 MP: 9/12
  5777 | Orc:2    | Reached ***** piety under Trog
  5810 | Orc:2    | Noticed an ogre mage
  5822 | Orc:2    | Killed an ogre mage
  5878 | Orc:2    | Noticed an orc high priest
  5900 | Orc:2    | Killed an orc high priest
  5978 | Orc:2    | Killed namnharef's ghost
  6035 | Orc:2    | Found Tufiow's Magic Scroll Boutique.
  6036 | Orc:2    | Found Atomyg's Magic Scroll Shoppe.
  6040 | Orc:2    | Found Mommuinna's Food Boutique.
  6053 | Orc:2    | Reached skill level 16 in Axes
  6097 | Orc:2    | Found a roughly hewn altar of Beogh.
  6295 | Orc:1    | Bought a wand of teleportation (2/9) for 270 gold pieces
  6486 | Lair:1   | Entered Level 1 of the Lair of Beasts
  6532 | Lair:1   | Found a frozen archway.
  6557 | IceCv    | Entered an ice cave
  6564 | IceCv    | Received a gift from Trog
  6706 | Lair:2   | Noticed a six-headed hydra
  6740 | Lair:1   | Gained mutation: You have a pair of large antennae on your head. (SInv) [demonic ancestry]
  6740 | Lair:1   | Reached XP level 13. HP: 94/96 MP: 13/13
  6924 | Lair:2   | Noticed Nergalle
  7007 | Lair:3   | Noticed Urug
  7019 | Lair:3   | Killed Urug
  7038 | Lair:3   | Noticed Rupert
  7147 | Lair:4   | Noticed mrath's ghost (journeyman GrEE)
  7170 | Lair:4   | Killed mrath's ghost
  7296 | Lair:3   | Found a staircase to the Swamp.
  7363 | Lair:4   | Reached skill level 17 in Axes
  7523 | Lair:6   | Entered Level 6 of the Lair of Beasts
  7784 | Lair:6   | Got an encrusted war axe
  7785 | Lair:6   | Identified the +9 war axe "Huclusso" {chop, rPois} (You found it on level 6 of the Lair of Beasts)
  7803 | Lair:6   | Found a burning altar of Makhleb.
  7840 | Lair:6   | Found a staircase to the Slime Pits.
  8165 | Lair:6   | Noticed a dire elephant
  8165 | Lair:6   | Noticed a dire elephant
  8172 | Lair:6   | Noticed a dire elephant
  8181 | Lair:6   | Killed a dire elephant
  8181 | Lair:6   | Reached skill level 18 in Axes
  8182 | Lair:6   | Killed a dire elephant
  8184 | Lair:6   | Killed a dire elephant
  8199 | Lair:6   | Identified Asybboo's Handbook of Twisted Envenoming
  8256 | Lair:6   | Noticed a dire elephant
  8265 | Lair:6   | Killed a dire elephant
  8439 | Lair:4   | Reached XP level 14. HP: 103/103 MP: 14/14
  8749 | Lair:2   | Noticed Fannar
  8775 | Lair:2   | Killed Fannar
  8811 | Lair:2   | Killed Nergalle
  8960 | Lair:2   | Found a hole to the Spider Nest.
  8975 | Spider:1 | Entered Level 1 of the Spider Nest
  9223 | Spider:2 | You fall through a shaft!
  9340 | Spider:3 | Received a gift from Trog
  9431 | Spider:3 | Noticed Arachne
  9454 | Spider:2 | Killed Arachne
  9579 | Spider:4 | Entered Level 4 of the Spider Nest
  9673 | Spider:4 | Noticed Jorgrun
  9700 | Spider:4 | Killed Jorgrun
  9700 | Spider:4 | Reached skill level 5 in Dodging
  9780 | Spider:4 | Reached skill level 19 in Axes
  9809 | Spider:4 | Noticed an emperor scorpion
  9842 | Spider:4 | Killed an emperor scorpion
  9915 | Spider:4 | Noticed a ghost moth
  9935 | Spider:4 | Killed a ghost moth
  9939 | Spider:4 | Noticed an emperor scorpion
  9971 | Spider:4 | Killed an emperor scorpion
  9999 | Spider:4 | Noticed a ghost moth
 10011 | Spider:4 | Killed a ghost moth
 10018 | Spider:4 | Noticed an emperor scorpion
 10043 | Spider:4 | Killed an emperor scorpion
 10043 | Spider:4 | Gained mutation: You are completely covered in yellow scales. (AC +4, rCorr) [demonic ancestry]
 10043 | Spider:4 | Reached XP level 15. HP: 113/113 MP: 4/15
 10382 | Spider:4 | Got a gossamer rune of Zot
 10543 | Spider:1 | Noticed Nikola
 10627 | Lair:2   | Upgraded the game from 0.20-a0 to 0.20-a0-2-g2b0e13a
 10684 | Swamp:1  | Entered Level 1 of the Swamp
 10744 | Swamp:2  | Got a brightly glowing plate armour
 10752 | Swamp:2  | Identified the cursed +1 plate armour of Yclynuun {+Blink rPois Stlth+} (You found it on level 2 of the Swamp)
 10793 | Swamp:2  | Reached skill level 20 in Axes
 11008 | Swamp:4  | Entered Level 4 of the Swamp
 11064 | Swamp:4  | Noticed a thorn hunter
 11089 | Swamp:4  | Killed a thorn hunter
 11172 | Swamp:4  | Noticed varam's ghost (adept TrMo)
 11293 | Swamp:4  | Killed varam's ghost
 11794 | Swamp:4  | Noticed a thorn hunter
 11808 | Swamp:4  | Killed a thorn hunter
 11808 | Swamp:4  | Reached skill level 21 in Axes
 11866 | Swamp:4  | Got a decaying rune of Zot
 12319 | D:12     | Gained mutation: You regenerate magic rapidly. [demonic ancestry]
 12319 | D:12     | Reached XP level 16. HP: 94/120 MP: 16/16
 12322 | D:12     | Reached skill level 1 in Evocations
 12415 | D:13     | Identified a scroll of acquirement
 12578 | D:15     | Entered Level 15 of the Dungeon
 12603 | D:14     | Found a gate to the Vaults.
 12649 | Vaults:1 | Entered Level 1 of the Vaults
 12653 | Vaults:1 | Received a gift from Trog
 12670 | Vaults:1 | Reached skill level 5 in Evocations
 12701 | Vaults:1 | Noticed a sphinx
 12705 | Vaults:1 | Killed a sphinx
 13095 | Vaults:1 | Reached skill level 22 in Axes
 13227 | Vaults:1 | Paralysed by a great orb of eyes for 5 turns
 13579 | Vaults:3 | Found Larghorow's Food Shop.
 13584 | Vaults:3 | Received a gift from Trog
 13586 | Vaults:3 | Got a twisted battleaxe {god gift}
 13587 | Vaults:3 | Identified the +10 battleaxe of the Spheres {chop, rPois Dex-4 SInv} (Trog gifted it to you on level 3 of the Vaults)
 13665 | Vaults:3 | Noticed Frederick
 13808 | Vaults:4 | Reached XP level 17. HP: 85/126 MP: 14/21
 14029 | Vaults:5 | Entered Level 5 of the Vaults
 14064 | Vaults:5 | Reached skill level 23 in Axes
 14125 | Vaults:5 | Noticed a tentacled monstrosity
 14136 | Vaults:5 | Mangled by a vault guard

Vault maps used:
D:1:      elethiomel_arrival_quiet, evilmike_ruin_ashenzari
D:3:      first_bread, uniq_terence
D:4:      nicolae_overflow_crystal_walls, serial_shops, shop,
          minmay_misc_feat_four_crosses
D:6:      kennysheep_windowed_halls, elyvilon_altar_4, uniq_pikel, uniq_edmund
D:7:      kennysheep_little_box, marbit_many_paths, serial_shops,
          shop_fountains, kennysheep_cross_room
D:8:      david_nohive_1, grunt_ministairs_12, uniq_gastronok, uniq_erica,
          uniq_psyche
D:9:      fountainhead, abandoned_shop
D:10:     lair_0_dummy, david_orc_1_choice, enter_bailey_2
D:12:     serial_shops, freezing_bzr
D:13:     st_stairs_10, nrook_guardian_serpent_ordinary
D:14:     erik_vaults_1, small_statue_alley_a, nicolae_lava_and_water
D:15:     grunt_enter_depths_giant_problem
Temple:   nicolae_temple_no_exploring_needed
Lair:1:   portal_ice_cave_rime, beast_lair_carwin_9
Lair:2:   spider_nest_entry_funnel_web, wad_woods_04, lemuel_fruit_tree,
          bh_autumn_forest_stairs, uniq_nergalle, uniq_fannar
Lair:3:   swamp_mist, uniq_rupert, uniq_urug
Lair:5:   kennysheep_rathole, minivault_26
Lair:6:   due_jungle_book, dpeg_slime_entry_corner, basic_altar,
          grunt_forest_stairs_basic, grunt_megastairs_1
Swamp:1:  evilmike_swamp_ruin_house_3
Swamp:2:  evilmike_swamp_ruin_house_2, swamp_pool4
Swamp:3:  evilmike_swamp_ruin_rubble_1, swamp_pool1
Swamp:4:  swamp_basic_johnstein
Spider:1: uniq_roxanne, uniq_nikola
Spider:2: nicolae_spider_webbed_stairs, uniq_frances
Spider:3: nicolae_spider_cling_ruins, uniq_arachne
Spider:4: guppyfry_spider_rune, uniq_jorgrun
Orc:1:    serial_shops, nicolae_shop_trees
Orc:2:    st_orc_open, serial_shops, nicolae_shop_behind_doors, mines2_david,
          uniq_snorg
Vaults:1: vaults_mumra_hex, v_rooms_1, nicolae_vaults_specimen_jars,
          hangedman_vaults_restitches, nicolae_vaults_network_square,
          dpeg_vaults_monster_box, ontoclasm_vaults_gateway, mu_enter_wizlab_1
Vaults:2: v_misc_33, nicolae_vaults_little_squares_4, serial_ice_m,
          hangedman_vaults_stitches, v_misc_10, v_misc_12, v_misc_29,
          hangedman_vaults_stretched_pinwheel, vaults_mumra_chevron,
          vaults_dpeg_hooks, serial_shops, nicolae_shop_overgrown_old_shop
Vaults:3: vaults_room_semicircle, v_misc_25, vaults_mumra_lcd,
          ontoclasm_vaults_chip, vaults_mumra_hexcomb,
          minmay_crypt_entry_necro_gods, nicolae_vaults_rhombus_7, v_misc_3,
          vaults_dpeg_diagonal, v_misc_13, serial_shops, shop,
          nicolae_shop_statue_plus, shop, shop, nicolae_shop_trees,
          uniq_frederick
Vaults:4: vaults_standard_mumra_enter_the_diamond, v_alt_pattern_3, v_misc_10,
          grunt_vaults_twisty, ontoclasm_vaults_claustrophobia,
          hangedman_vaults_stream, v_misc_12, v_misc_8, v_alt_pattern_3,
          vaults_room_corners, kennysheep_vaults_gozag_temple,
          ontoclasm_vaults_twist, vaults_room_pool, serial_shops,
          nicolae_shop_behind_doors, shop, nicolae_shop_crystal,
          nicolae_shop_waterfront, shop_fountains
Vaults:5: uniq_jory
Bazaar:   bazaar_jpeg_circle_common
Bailey:   bailey_polearm_4, bailey
IceCv:    ice_cave_statue_garden_teleport

Skill      XL: |  1  2  3  4  5  6  7  8  9 10 11 12 13 14 15 16 17 |
---------------+----------------------------------------------------+-----
Axes           | 3 4 5 6 7 9 10 12 14 15 16 18 19 21 22 23 | 23.5
Fighting       | 5 7 9 |  9.2
Armour         | 5 9 |  9.8
Dodging        | 5 |  5.0
Evocations     | 6 |  6.0

Action                   |  1- 3 |  4- 6 |  7- 9 | 10-12 | 13-15 | 16-18 || total
-------------------------+-------+-------+-------+-------+-------+-------++-------
Melee: Hand axe          |    57 |   109 |    65 |       |       |       ||   231
       War axe           |       |       |   356 |   287 |   407 |       ||  1050
       Battleaxe         |       |       |       |   441 |   659 |   175 ||  1275
       Executioner's axe |       |       |       |       |       |   338 ||   338
Throw: Javelin           |       |       |       |       |     5 |       ||     5
Invok: Berserk           |     1 |     2 |     8 |    18 |    19 |     2 ||    50
       Trog's Hand       |       |     4 |     5 |    13 |     7 |     7 ||    36
       Brothers in Arms  |       |       |       |     2 |     6 |     1 ||     9
Evoke: Wand              |       |       |     1 |     6 |     7 |       ||    14
  Use: Scroll            |       |     2 |    10 |    13 |    14 |     8 ||    47
       Potion            |       |     1 |       |     2 |       |     2 ||     5
 Stab: Distracted        |       |       |       |       |     1 |       ||     1
  Eat: Meat ration       |       |     1 |       |     2 |     1 |       ||     4
       Chunk             |       |       |     8 |    21 |    14 |     7 ||    50
       Fruit             |       |       |     5 |     2 |    10 |     3 ||    20
       Beef jerky        |       |       |     2 |     1 |     1 |       ||     4
       Pizza             |       |       |     1 |       |     2 |       ||     3
       Bread ration      |       |       |     1 |       |     2 |       ||     3
       Royal jelly       |       |       |       |     1 |       |     1 ||     2
Armor: Scale mail        |    13 |       |       |       |       |       ||    13
       Chain mail        |    15 |    74 |     3 |       |       |       ||    92
       Skin              |       |     4 |       |    14 |       |       ||    18
       Plate armour      |       |       |   347 |   415 |  1006 |   362 ||  2130
Dodge: Dodged            |    37 |    49 |   156 |   224 |   480 |   230 ||  1176
